 Dungeon Crawl Stone Soup version 0.20.1-1-g8b1a95d (webtiles) character file.

331 Inchmeat the Spear-Bearer (level 6, 0/44 HPs)
             Began as a Merfolk Skald on Oct 15, 2017.
             Slain by a water moccasin zombie (5 damage)
             ... in an ossuary.
             The game lasted 00:09:17 (3970 turns).

Inchmeat the Spear-Bearer (Merfolk Skald)           Turns: 3970, Time: 00:09:18

Health: 0/44       AC:  5    Str: 13    XL:     6   Next: 51%
Magic:  2/9        EV: 11    Int: 12    God:
Gold:   85         SH:  0    Dex: 14    Spells: 1/9 levels left

rFire    . . .     SeeInvis .   a - +0 spear
rCold    . . .     Gourm    .   (no shield)
rNeg     . . .     Faith    .   j - +0 ring mail (curse)
rPois    .         Spirit   .   (no helmet)
rElec    .         Reflect  .   (no cloak)
rCorr    .         Harm     .   (no gloves)
MR       .....                  (no boots)
Stlth    +.........             (no amulet)
Regen    0.2/turn               (no ring)
MPRegen  0.2/turn               (no ring)

@: no status effects
A: change form in water, swift swim, stealthy swim
a: no special abilities


You were in an ossuary.
You were very hungry.

You visited 1 branch of the dungeon, and saw 4 of its levels.
You also visited: Ossuary.

You collected 85 gold pieces.

Inventory:

Hand Weapons
 a - a +0 spear (weapon)
Armour
 b - a +0 leather armour
 j - a cursed +0 ring mail (worn)
Jewellery
 f - a cursed ring of protection from cold {unknown}
Scrolls
 e - a scroll of blinking
 h - 2 scrolls of remove curse {unknown}
 i - 4 scrolls of identify {unknown}
 m - 2 scrolls of teleportation {unknown}
 o - a scroll of amnesia {unknown}
 p - a scroll of enchant armour {unknown}
 q - a scroll of immolation {unknown}
 r - a scroll of fog {unknown}
Books
 c - a book of Battle

   Spells                             Type                      Level
   a - Infusion                       Charms                       1
   b - Shroud of Golubria             Charms/Translocation         2
   c - Song of Slaying                Charms                       2
   d - Spectral Weapon                Hexes/Charms                 3
   e - Regeneration                   Charms/Necromancy            3
Comestibles
 d - a bread ration
 k - a meat ration
 n - a royal jelly


   Skills:
 - Level 2.1 Fighting
 * Level 9.5 Polearms
 - Level 0.4 Throwing
 - Level 0.6 Armour
 - Level 2.6 Dodging
 - Level 0.2 Stealth
 - Level 2.0 Spellcasting
 - Level 3.2 Charms


You had one spell level left.
You knew the following spells:

 Your Spells              Type           Power        Failure   Level  Hunger
a - Infusion              Chrm           #...         16%         1    ##.....
b - Shroud of Golubria    Chrm/Tloc      #.........   41%         2    ###....
c - Regeneration          Chrm/Necr      #.........   65%         3    ####...
d - Song of Slaying       Chrm           #.......     22%         2    ###....


Dungeon Overview and Level Annotations

Branches:
Dungeon (4/15)
 Temple: D:4-7

Altars:
Gozag
Sif Muna
Trog


Message History

You are too injured to fight recklessly!
You are too injured to fight recklessly!
You are too injured to fight recklessly!
You are too injured to fight recklessly!
You hit the water moccasin zombie but do no damage.
The water moccasin zombie is moderately damaged.
The water moccasin zombie bites you.
You hit the water moccasin zombie.
The water moccasin zombie is heavily damaged.
You closely miss the water moccasin zombie.
The water moccasin zombie is heavily damaged.
The water moccasin zombie bites you.
* * * LOW HITPOINT WARNING * * *
You closely miss the water moccasin zombie.
The water moccasin zombie is heavily damaged.
The water moccasin zombie bites you.
* * * LOW HITPOINT WARNING * * *
An arrow hits the water moccasin zombie!
The water moccasin zombie bites you.
You die...

### #########
#!!!!#...#..∩#
+!!$!#.∩.'.^.#
#!!??#...#@.^#
### #####Z^.#
#.^^# ###'# .#
.# .# .# +#


You could see a water moccasin zombie.

Vanquished Creatures
  A water moccasin zombie (Ossuary)
  A hound (D:4)
  An orc priest (D:3)
  An orc wizard (D:2)
  Terence (D:2)
  A worker ant (D:4)
  A big kobold zombie (Ossuary)
  3 adders
  An ooze (D:3)
  An adder zombie (Ossuary)
  2 worms (D:2)
  2 dart slugs
  3 leopard geckos
  8 orcs
  7 bats
  2 giant cockroaches
  A gnoll zombie (Ossuary)
  7 goblins
  7 hobgoblins
  5 jackals
  6 kobolds
  A quokka (D:3)
  A ball python (D:1)
  5 frilled lizards
  A rat (D:2)
70 creatures vanquished.

Notes
Turn   | Place    | Note
-------+----------+-------------------------------------------
     0 | D:1      | Inchmeat the Merfolk Skald began the quest for the Orb.
     0 | D:1      | Reached XP level 1. HP: 16/16 MP: 3/3
   178 | D:1      | Reached skill level 4 in Polearms
   178 | D:1      | Reached XP level 2. HP: 22/22 MP: 5/5
   409 | D:2      | Reached skill level 5 in Polearms
   409 | D:2      | Reached XP level 3. HP: 27/27 MP: 6/6
   546 | D:2      | Found a deep blue altar of Sif Muna.
   548 | D:2      | Noticed Terence
  1228 | D:2      | Reached XP level 4. HP: 19/33 MP: 7/7
  1479 | D:3      | Reached skill level 6 in Polearms
  1480 | D:3      | Found a bloodstained altar of Trog.
  1515 | D:3      | Found an opulent altar of Gozag.
  1867 | D:2      | Reached skill level 7 in Polearms
  2133 | D:2      | Killed Terence
  2133 | D:2      | Reached XP level 5. HP: 24/38 MP: 8/8
  2362 | D:2      | You fall through a shaft!
  3016 | D:3      | Reached skill level 8 in Polearms
  3297 | D:3      | Found a deep blue altar of Sif Muna.
  3468 | D:3      | Learned a level 2 spell: Shroud of Golubria
  3472 | D:3      | Learned a level 3 spell: Regeneration
  3476 | D:3      | Learned a level 2 spell: Song of Slaying
  3509 | D:4      | Reached XP level 6. HP: 26/44 MP: 9/9
  3905 | D:4      | Found a sand-covered staircase.
  3912 | Ossuary  | Entered an ossuary
  3922 | Ossuary  | Reached skill level 9 in Polearms
  3970 | Ossuary  | Slain by a water moccasin zombie

Skill      XL: |  1  2  3  4  5  6 |
---------------+-------------------+-----
Polearms       | 4 5 7 8 9 |  9.5
Fighting       | |  2.1
Throwing       | |  0.4
Armour         | |  0.6
Dodging        | |  2.6
Stealth        | |  0.2
Spellcasting   | |  2.0
Charms         | |  3.2

Action                   |  1- 3 |  4- 6 || total
-------------------------+-------+-------++-------
Melee: Spear             |   126 |   303 ||   429
Throw: Javelin           |     6 |       ||     6
 Cast: Infusion          |       |     4 ||     4
  Use: Potion            |       |     4 ||     4
       Scroll            |       |     1 ||     1
  Eat: Chunk             |     1 |     8 ||     9
Armor: Leather armour    |     7 |       ||     7
       Ring mail         |    26 |    66 ||    92
Dodge: Dodged            |    60 |   107 ||   167
